 Dungeon Crawl Stone Soup version bcrawl-1.12.2 (webtiles) character file.

Game seed: 18259880033406221022

145 Ebbett the Ducker (level 5, -4/47 HPs)
             Began as a Gnoll Reaver on July 23, 2019.
             Was a Believer of Vehumet.
             Killed by divine providence
             ... invoked by an orc priest
              (12 damage)
             ... on level 3 of the Dungeon.
             The game lasted 00:04:58 (1566 turns).

Ebbett the Ducker (Gnoll Reaver)                    Turns: 1566, Time: 00:04:58

Health: -4/47      AC:  6    Str: 15    XL:     5   Next: 27%
Magic:  12/12      EV: 15    Int: 16    God:    Vehumet [**....]
Gold:   167        SH:  0    Dex: 13    Spells: 13/14 levels left

rFire    . . .     SeeInvis .   p - +2 quarterstaff (chaos)
rCold    . . .     Gourm    .   (shield currently unavailable)
rNeg     . . .     Faith    .   b - +0 steam dragon scales
rPois    .         Spirit   .   (no helmet)
rElec    .         Reflect  .   q - +0 cloak
rCorr    .         Harm     .   (no gloves)
MR       .....                  (no boots)
Stlth    ++........             (no amulet)
HPRegen  0.15/turn              (no ring)
MPRegen  0.13/turn              (no ring)

@: no status effects
A: distributed training, fangs 1, strong nose
a: Renounce Religion


You were on level 3 of the Dungeon.
You worshipped Vehumet.
Vehumet was pleased with you.
You were not hungry.

You visited 1 branch of the dungeon, and saw 3 of its levels.

You collected 167 gold pieces.

Inventory:

Hand Weapons
 a - a +0 war axe
 p - a +2 quarterstaff of chaos (weapon)
Armour
 b - +0 steam dragon scales (worn)
 q - a +0 cloak (worn)
Scrolls
 d - 2 scrolls of immolation
 h - a scroll of fog
 i - 2 scrolls of noise
 l - 2 scrolls of remove curse
 n - a scroll of fear
Potions
 c - a potion of haste
 g - 4 potions of curing {unknown}
 j - a potion of mutation {unknown}
 k - a potion of heal wounds {unknown}
 m - 2 potions of magic {unknown}
 o - a potion of lignification {unknown}
Comestibles
 f - 6 rations {!d}


   Skills:
 + Level 6.6 Fighting
 + Level 1.4 Short Blades
 + Level 1.4 Long Blades
 + Level 6.6 Axes
 + Level 1.4 Maces & Flails
 + Level 1.4 Polearms
 + Level 1.4 Staves
 + Level 1.4 Slings
 + Level 1.4 Bows
 + Level 1.4 Crossbows
 + Level 1.4 Throwing
 + Level 1.4 Armour
 + Level 6.6 Dodging
 + Level 1.4 Stealth
 + Level 1.4 Shields
 + Level 1.4 Unarmed Combat
 + Level 5.1 Spellcasting
 + Level 1.1 Conjurations
 + Level 1.1 Hexes
 + Level 1.1 Charms
 + Level 1.1 Summonings
 + Level 1.1 Necromancy
 + Level 1.1 Translocations
 + Level 1.1 Transmutations
 + Level 1.1 Fire Magic
 + Level 1.1 Ice Magic
 + Level 1.1 Air Magic
 + Level 1.1 Earth Magic
 + Level 1.1 Poison Magic
 + Level 1.5 Invocations
 + Level 1.4 Evocations


You had 13 spell levels left.
You knew the following spells:

 Your Spells              Type           Power        Failure   Level  Hunger
a - Flame Tongue          Conj/Fire      #....        10%         1    None

Your spell library contained the following spells:

 Spells                   Type           Power        Failure   Level  Hunger
 Freeze                   Ice            #.....       10%         1    None
 Iskenderun's Battlesphe  Conj/Chrm      #.......     95%         5    ######.


Dungeon Overview and Level Annotations

Branches:
Dungeon (3/12)

Altars:


Innate Abilities, Weirdness & Mutations

Your experience applies equally to all skills.
You have very sharp teeth.
Your uncanny sense of smell can sniff out nearby items.


Message History

You kill the orc!
Vehumet accepts your kill.
You have reached level 5!
The adder misses you.
The orc priest calls upon Beogh to heal something.
The frilled lizard closely misses you. The adder barely misses you.
You thump the orc priest! You freeze the orc priest.
The orc priest is almost dead.
Something hits you but does no damage. The adder misses you.
The frilled lizard bites you but does no damage.
The orc priest misses you.
You sock the orc priest!
You kill the orc priest!
Vehumet accepts your kill. The adder bites you.
* * * LOW HITPOINT WARNING * * *
The frilled lizard closely misses you. Something completely misses you.
The orc priest invokes the aid of Beogh against you.
Beogh smites you!
You die...

.o## .#### #o.
.....##.o ###
........###....
#.<......o..o.
###o.(.....
#.oo....o..
#####o####.....
#.#...)@####.....
#.....l.Srr......
###.#######..$...
#. .. . .. .


You could see an orc priest, an adder, 2 orcs, 2 quokkas and a frilled lizard.

Vanquished Creatures
  An orc priest (D:3)
  Crazy Yiuf (D:2)
  An ooze (D:2)
  2 dart slugs (D:1)
  3 leopard geckos (D:1)
  3 orcs
  10 giant cockroaches
  4 goblins (D:2)
  8 hobgoblins
  5 jackals (D:2)
  10 kobolds
  4 quokkas (D:2)
  8 bats
  3 frilled lizards
  5 rats
68 creatures vanquished.

Notes
Turn   | Place    | Note
-------+----------+-------------------------------------------
     0 | D:1      | Ebbett the Gnoll Reaver began the quest for the Orb.
     0 | D:1      | Reached XP level 1. HP: 23/23 MP: 6/6
    88 | D:1      | Reached XP level 2. HP: 21/29 MP: 7/7
   378 | D:1      | Reached * piety under Vehumet
   378 | D:1      | Offered knowledge of Flame Tongue by Vehumet.
   411 | D:1      | Reached XP level 3. HP: 35/35 MP: 9/9
   471 | D:1      | Reached skill level 5 in Spellcasting
   817 | D:2      | Learned a level 1 spell: Flame Tongue
   866 | D:2      | Reached skill level 1 in Invocations
   924 | D:2      | Found a runed door.
  1034 | D:2      | Reached skill level 1 in Short Blades
  1034 | D:2      | Reached skill level 1 in Long Blades
  1034 | D:2      | Reached skill level 1 in Maces & Flails
  1034 | D:2      | Reached skill level 1 in Polearms
  1034 | D:2      | Reached skill level 1 in Staves
  1034 | D:2      | Reached skill level 1 in Slings
  1034 | D:2      | Reached skill level 1 in Bows
  1034 | D:2      | Reached skill level 1 in Crossbows
  1034 | D:2      | Reached skill level 1 in Throwing
  1034 | D:2      | Reached skill level 1 in Armour
  1034 | D:2      | Reached skill level 1 in Stealth
  1034 | D:2      | Reached skill level 1 in Shields
  1034 | D:2      | Reached skill level 1 in Unarmed Combat
  1034 | D:2      | Reached skill level 1 in Evocations
  1039 | D:2      | Reached ** piety under Vehumet
  1039 | D:2      | Reached XP level 4. HP: 38/41 MP: 11/11
  1041 | D:2      | Offered knowledge of Freeze by Vehumet.
  1505 | D:2      | Noticed Crazy Yiuf
  1508 | D:2      | Killed Crazy Yiuf
  1508 | D:2      | Reached skill level 1 in Conjurations
  1508 | D:2      | Reached skill level 1 in Hexes
  1508 | D:2      | Reached skill level 1 in Charms
  1508 | D:2      | Reached skill level 1 in Summonings
  1508 | D:2      | Reached skill level 1 in Necromancy
  1508 | D:2      | Reached skill level 1 in Translocations
  1508 | D:2      | Reached skill level 1 in Transmutations
  1508 | D:2      | Reached skill level 1 in Fire Magic
  1508 | D:2      | Reached skill level 1 in Ice Magic
  1508 | D:2      | Reached skill level 1 in Air Magic
  1508 | D:2      | Reached skill level 1 in Earth Magic
  1508 | D:2      | Reached skill level 1 in Poison Magic
  1564 | D:3      | Reached XP level 5. HP: 10/47 MP: 12/12
  1566 | D:3      | Killed from afar by an orc priest

Skill      XL: |  1  2  3  4 |
---------------+-------------+-----
Spellcasting   | 5 |  5.1
Invocations    | 1 |  1.5
Short Blades   | 1 |  1.4
Long Blades    | 1 |  1.4
Maces & Flails | 1 |  1.4
Polearms       | 1 |  1.4
Staves         | 1 |  1.4
Slings         | 1 |  1.4
Bows           | 1 |  1.4
Crossbows      | 1 |  1.4
Throwing       | 1 |  1.4
Armour         | 1 |  1.4
Stealth        | 1 |  1.4
Shields        | 1 |  1.4
Unarmed Combat | 1 |  1.4
Evocations     | 1 |  1.4
Conjurations   | 1 |  1.1
Hexes          | 1 |  1.1
Charms         | 1 |  1.1
Summonings     | 1 |  1.1
Necromancy     | 1 |  1.1
Translocations | 1 |  1.1
Transmutations | 1 |  1.1
Fire Magic     | 1 |  1.1
Ice Magic      | 1 |  1.1
Air Magic      | 1 |  1.1
Earth Magic    | 1 |  1.1
Poison Magic   | 1 |  1.1
Fighting       | |  6.6
Axes           | |  6.6
Dodging        | |  6.6

Action                   |  1- 3 |  4- 6 || total
-------------------------+-------+-------++-------
Melee: War axe           |    99 |    32 ||   131
       Bite              |    11 |     2 ||    13
       Quarterstaff      |       |    11 ||    11
       Punch             |       |     1 ||     1
 Cast: Flame Tongue      |     4 |       ||     4
  Use: Scroll            |       |     4 ||     4
 Stab: Sleeping          |       |     1 ||     1
  Eat: Chunk             |       |     2 ||     2
Armor: Steam dragon scal |    29 |    20 ||    49
Dodge: Dodged            |   107 |    43 ||   150
